 Dungeon Crawl Stone Soup version 0.17.1-3-g152610e (console) character file.

1685 brucemayne the Cleaver (level 8, -12/87 HPs)
             Began as a Demonspawn Berserker on Feb 27, 2016.
             Was a Priest of Trog.
             Mangled by a hill giant
             ... wielding a +0 giant spiked club
              (30 damage)
             ... on level 10 of the Dungeon.
             The game lasted 00:06:58 (1312 turns).

brucemayne the Cleaver (Demonspawn Berserker)       Turns: 1312, Time: 00:06:58

Health: -12/87     AC: 13    Str: 23    XL:     8   Next: 71%
Magic:  8/8        EV: 11    Int:  9    God:    Trog [***...]
Gold:   88         SH:  0    Dex: 14    Spells: 0 memorised, 7 levels left

rFire  . . .     SeeInvis .     u - +0 war axe
rCold  . . .     Clarity  .     s - +0 chain mail
rNeg   . . .     SustAt   .     (no shield)
rPois  .         Gourm    .     k - +0 helmet
rElec  .         Spirit   .     (no cloak)
rCorr  .         Warding  .     v - +0 pair of gloves
rMut   .         Stasis   .     (no boots)
MR     ++...                    (no amulet)
Stlth  ..........               m - ring of flight
                                g - +3 ring of evasion

@: berserking, regenerating, very quick, very resistant to hostile enchantments,
extremely unstealthy
A: claws 2, yellow scales 2, spiny 1
a: Berserk, Trog's Hand, Burn Spellbooks, Renounce Religion, Evoke Flight


You were on level 10 of the Dungeon.
You worshipped Trog.
Trog was most pleased with you.
You were not hungry.

You visited 1 branch of the dungeon, and saw 9 of its levels.

You collected 88 gold pieces.

Inventory:

Hand Weapons
 a - a +0 hand axe
 u - a +0 war axe (weapon)
Armour
 b - a +0 animal skin
 k - a +0 helmet (worn)
 l - a +0 leather armour
 p - a +0 scale mail
 s - a +0 chain mail (worn)
 v - a +0 pair of gloves (worn)
Jewellery
 g - a +3 ring of evasion (left hand)
 m - a ring of flight (right hand)
Wands
 n - a wand of frost (25)
 w - a wand of slowing (32)
Scrolls
 d - 8 scrolls of identify {unknown}
 e - a scroll of enchant weapon {unknown}
 i - a scroll of immolation {unknown}
 o - a scroll of noise {unknown}
 r - a scroll of amnesia {unknown}
 t - 3 scrolls of remove curse {unknown}
Potions
 f - a potion of might
 h - a potion of curing {unknown}
 j - a potion of degeneration {unknown}
 q - a potion of brilliance {unknown}
Comestibles
 c - 2 bread rations
 x - a meat ration
 z - 2 chunks of flesh


   Skills:
 - Level 3.0 Fighting
 + Level 10.5 Axes
 - Level 1.7 Armour
 - Level 1.7 Dodging


You had 7 spell levels left.
You didn't know any spells.

Dungeon Overview and Level Annotations

Branches:
Dungeon (10/15)
 Temple: D:4-7         Lair: D:8-11         Orc: D:9-12

Altars:
Cheibriados
Elyvilon
Fedhas
Okawaru


Innate Abilities, Weirdness & Mutations

You have very sharp fingernails.
You are mostly covered in yellow scales (AC +3).
You are partially covered in sharp spines.


Message History

The hill giant is moderately wounded.
Your chain mail prevents you from hitting the crimson imp.
The crimson imp is heavily wounded.
The crimson imp is struck by your spines.
The crimson imp closely misses you.
Unknown command.
You slice the hill giant!!
The hill giant is heavily wounded.
You slash the crimson imp!
You kill the crimson imp!
Trog accepts your kill.
The hill giant hits you with a giant spiked club!!
* * * LOW HITPOINT WARNING * * *
You slice the hill giant!!
The hill giant is almost dead.
You hit the hill giant.
The hill giant is almost dead.
The hill giant is struck by your spines.
The hill giant hits you with a giant spiked club!!
You die...

#......# ######.#
#.# ##.# # #..#
.## #.## ... #.#
..
#########)######.#
.............[@C.#
#######<##########
##..).))[....#
#.........).##.#
####.####.#.# #.
#.#... # #.####<#
... .. ... .


You could see a hill giant.

Vanquished Creatures
  A trapdoor spider zombie (D:9)
  A hippogriff (D:9)
  Grum (D:10)
  Menkaure (D:5)
  A wolf (D:10)
  An orc warrior (D:10)
  The ghost of WereVolvo the Grave Robber, an amateur HONe (D:3)
  An ogre (D:6)
  2 centaurs
  2 crimson imps
  A jelly (D:5)
  7 orc wizards
  3 orc priests
  Ijyb (D:3)
  A hound (D:4)
  An iguana (D:6)
  A worker ant (D:4)
  Robin (D:3)
  A gnoll (D:6)
  2 river rats (D:5)
  An adder skeleton (D:4)
  A worm (D:3)
  A giant gecko (D:2)
  9 orcs
  A ball python (D:3)
  A giant cockroach (D:3)
  15 goblins
  6 hobgoblins
  3 jackals (D:5)
  2 bats
  2 giant newts
  4 kobolds
  A quokka (D:5)
  A rat (D:3)
  A plant (D:5)
80 creatures vanquished.

Vanquished Creatures (others)
  2 plants (D:5)
2 creatures vanquished.

Grand Total: 82 creatures vanquished

Notes
Turn   | Place    | Note
--------------------------------------------------------------
     0 | D:1      | brucemayne the Demonspawn Berserker began the quest for the Orb.
     0 | D:1      | Reached XP level 1. HP: 18/18 MP: 1/1
    88 | D:1      | You fall through a shaft!
    88 | D:2      | Found a white marble altar of Elyvilon.
   122 | D:2      | Gained mutation: You have sharp fingernails. [demonic ancestry]
   122 | D:2      | Reached XP level 2. HP: 10/24 MP: 2/2
   297 | D:3      | Noticed Robin
   302 | D:3      | Noticed WereVolvo's ghost (amateur HONe)
   305 | D:3      | Noticed Ijyb
   315 | D:3      | Killed WereVolvo's ghost
   315 | D:3      | Reached skill level 4 in Axes
   315 | D:3      | Gained mutation: You have very sharp fingernails. [demonic ancestry]
   315 | D:3      | Reached XP level 3. HP: 15/29 MP: 3/3
   315 | D:3      | Gained mutation: You are partially covered in yellow scales (AC +2). [demonic ancestry]
   315 | D:3      | Reached XP level 4. HP: 18/35 MP: 4/4
   325 | D:3      | Killed Ijyb
   325 | D:3      | Reached skill level 5 in Axes
   327 | D:3      | Killed Robin
   327 | D:3      | Reached ** piety under Trog
   327 | D:3      | Gained mutation: You are partially covered in sharp spines. [demonic ancestry]
   327 | D:3      | Reached XP level 5. HP: 19/41 MP: 5/5
   498 | D:5      | Entered Level 5 of the Dungeon
   565 | D:5      | Reached skill level 6 in Axes
   613 | D:5      | Reached XP level 6. HP: 32/47 MP: 6/6
   657 | D:5      | Noticed a centaur
   665 | D:5      | Killed a centaur
   725 | D:5      | Noticed Menkaure
   755 | D:5      | Reached skill level 7 in Axes
   759 | D:5      | Killed Menkaure
   759 | D:5      | Gained mutation: You are mostly covered in yellow scales (AC +3). [demonic ancestry]
   759 | D:5      | Reached XP level 7. HP: 17/52 MP: 7/7
   905 | D:6      | Found an iron altar of Okawaru.
   947 | D:6      | Found a snail-covered altar of Cheibriados.
  1004 | D:6      | Reached skill level 8 in Axes
  1101 | D:7      | You fall through a shaft for 2 floors!
  1101 | D:9      | Found a blossoming altar of Fedhas.
  1112 | D:9      | Reached skill level 9 in Axes
  1112 | D:9      | Reached XP level 8. HP: 12/58 MP: 8/8
  1213 | D:10     | Entered Level 10 of the Dungeon
  1236 | D:10     | Reached *** piety under Trog
  1273 | D:10     | Noticed Grum
  1273 | D:10     | Reached skill level 10 in Axes
  1289 | D:10     | Killed Grum
  1303 | D:10     | Noticed a hill giant
  1312 | D:10     | Mangled by a hill giant

Action                   |  1- 3 |  4- 6 |  7- 9 || total
-------------------------+-------+-------+-------++-------
Melee: Hand axe          |    41 |   104 |     2 ||   147
       War axe           |       |       |    70 ||    70
Invok: Berserk           |     2 |     1 |     4 ||     7
       Trog's Hand       |       |     2 |     4 ||     6
  Eat: Chunk             |       |     1 |     3 ||     4
       Bread ration      |       |     1 |       ||     1
